 Dungeon Crawl Stone Soup version 0.31-a0-177-g4aa6249778 (webtiles) character file.

Game seed: 14808829907970797482

92 qw the Chopper (level 4, -11/28 HPs)
             Began as a Gargoyle Fighter on June 18, 2023.
             Killed by divine providence
             ... invoked by an orc priest
              (14 damage)
             ... on level 3 of the Dungeon.
             The game lasted 00:00:40 (1368 turns).

qw the Chopper (Gargoyle Fighter)                   Turns: 1368, Time: 00:00:41

Health: -11/28     AC: 10    Str: 21    XL:     4   Next: 60%
Magic:  4/4        EV:  9    Int:  9    God:
Gold:   121        SH:  4    Dex:  9    Spells: 3/3 levels left

rFire   . . .        Y - +1 war axe
rCold   . . .        c - +0 buckler
rNeg    + . .        b - +0 scale mail
rPois   inf          (no helmet)
rElec   +            (no cloak)
rCorr   +            (no gloves)
SInv    .            (no boots)
Will    .....        (no amulet) Stlth
                     g - ring of resist corrosion
HPRegen 0.24/turn    (no ring)
MPRegen 0.09/turn

%: no passive effects
@: no status effects
A: sickness immunity, AC +3, negative energy resistance 1, electricity
resistance, torment resistance 1, petrification resistance
a: no special abilities


You were on level 3 of the Dungeon.
You visited 1 branch of the dungeon, and saw 3 of its levels.

You collected 121 gold pieces.


Innate Abilities, Weirdness & Mutations

You are immune to sickness and miasma.
Your stone body is resilient. (AC +3)
You are immune to poison.
You resist negative energy. (rN+)
You are resistant to electric shocks. (rElec)
You are resistant to unholy torment.
You are immune to petrification.


   Skills:
 - Level 3.2 Fighting
 + Level 4.2 Axes
 - Level 3.2 Armour
 - Level 3.2 Shields


You had 3 spell levels left.
You didn't know any spells.
Your spell library was empty.

Inventory:

Hand Weapons
 i - a +0 mace
 Y - a +1 war axe (weapon)
Missiles
 j - a silver boomerang (quivered)
Armour
 b - a +0 scale mail (worn)
 c - a +0 buckler (worn)
Jewellery
 g - a ring of resist corrosion (left hand)
Potions
 a - a potion of cancellation {unknown}
 d - a potion of might
 e - a potion of curing {unknown}
 f - a potion of magic {unknown}
 h - a potion of mutation {unknown}

Dungeon Overview and Level Annotations

Branches:
Dungeon (3/15)

Altars:

Shops:
D:2 =


Message History

Your Axes skill increases to level 4!
You have reached level 4!
You feel clever.
You start resting.
HP restored.
Found a stone staircase leading down.
You now have 121 gold pieces (gained 2).
An orc comes into view. It is wielding a +0 whip.
The orc shouts!
An orc priest comes into view. It is wielding a +0 flail.
A ball python comes into view.
The ball python hisses angrily.
The orc priest shouts!
You hear a shout!
An orc comes into view. It is wielding a +0 hand axe.
The orc shouts!
An orc comes into view. It is wielding a +0 whip.
The orc shouts!
You hear a shout!
The orc priest calls down the wrath of Beogh upon you.
Beogh smites you!
Ouch! That really hurt!
An orc comes into view. It is wielding a +0 flail.
You closely miss the orc. You block the orc's attack.
The orc priest looks satisfied for a moment.
The orc hits you but does no damage.
You slash the orc!
You kill the orc!
You closely miss the orc priest. The orc priest barely misses you.
You hit the orc priest.
The orc priest is lightly wounded.
The orc priest invokes the aid of Beogh against you.
Beogh smites you!
The orc priest hits you but does no damage.
You hit the orc priest.
The orc priest is heavily wounded.
The orc priest closely misses you.
You hit the orc priest.
The orc priest is almost dead.
The orc priest calls down the wrath of Beogh upon you.
Beogh smites you!
Ouch! That really hurt!
You die...

##.# #.# #..# #.#
#####.## .###.#
#......# ....#
#.###..# #.=# #.#
#..# #..#####.#
#..###
########........#
#.....
..oooSo@......###
#.####
#######)..#...#
#.#### #......##
#..... #....##.#
###### #.#.###.#
######## #.#.#
..# .......<
#.#.##..#
########
#.#.##..# #.##


You could see an orc priest, 3 orcs and a ball python.

Vanquished Creatures
  A jelly (D:3)
  An adder (D:2)
  2 worms (D:2)
  An orc (D:3)
  2 bats (D:1)
  2 endoplasms
  2 giant cockroaches
  5 hobgoblins
  3 jackals (D:1)
  5 ball pythons (D:1)
  2 frilled lizards (D:1)
  7 goblins
  2 kobolds
  4 rats
39 creatures vanquished.

Notes
Turn   | Place    | Note
-------+----------+-------------------------------------------
     0 | D:1      | qw the Gargoyle Fighter began the quest for the Orb.
     0 | D:1      | Reached XP level 1. HP: 14/14 MP: 1/1
     0 | D:1      | 0 ||| qw: Version: 0.3-a-5-g6f28e65
     0 | D:1      | 0 ||| qw: Game counter: 535
     0 | D:1      | 0 ||| qw: Always use a shield: true
     0 | D:1      | 0 ||| qw: God list: Okawaru
     0 | D:1      | 0 ||| qw: Allow faded altars: false
     0 | D:1      | 0 ||| qw: Do Orc after D:15 true
     0 | D:1      | 0 ||| qw: Do second Lair branch before Depths: true
     0 | D:1      | 0 ||| qw: Lair rune preference: random
     0 | D:1      | 0 ||| qw: Plans: Normal, Zot:1-4, Slime:5, God:TSO, Crypt,
                  | Tomb, Abyss, Pan, Hells, Win
     0 | D:1      | 0 ||| PLANNING D:1-11
    15 | D:1      | Reached skill level 2 in Axes
    65 | D:1      | 65 ||| Stepping ~*~*~tactically~*~*~ (stealth).
    92 | D:1      | Reached XP level 2. HP: 19/19 MP: 2/2
   254 | D:1      | 254 ||| Stepping ~*~*~tactically~*~*~ (stealth).
   265 | D:1      | 265 ||| DROPPING +0 club.
   283 | D:1      | Reached skill level 3 in Axes
   290 | D:1      | Reached XP level 3. HP: 23/23 MP: 3/3
   659 | D:1      | 659 ||| READING scroll labelled YFIERU AGAITIMM.
   660 | D:1      | 660 ||| READING scroll labelled JAOPLU SUUTHRIF.
   700 | D:2      | Found Forat's Jewellery Shoppe.
   715 | D:2      | 715 ||| SHOPLISTING +4 ring of protection (468 gold, have
                  | 44).
   715 | D:2      | 715 ||| SHOPLISTING +6 ring of dexterity (468 gold, have
                  | 44).
   715 | D:2      | 715 ||| SHOPLISTING ring of fire (325 gold, have 44).
   715 | D:2      | 715 ||| SHOPLISTING ring of protection from cold (325 gold,
                  | have 44).
  1031 | D:2      | Found a faded altar of an unknown god.
  1045 | D:2      | 1045 ||| Stepping ~*~*~tactically~*~*~ (stealth).
  1286 | D:2      | 1286 ||| UPGRADING to ring of resist corrosion.
  1287 | D:2      | 1287 ||| READING scroll labelled TUL LEXYJA.
  1288 | D:2      | 1288 ||| READING scroll labelled PILOGINONA.
  1333 | D:3      | 1333 ||| Stepping ~*~*~tactically~*~*~ (stealth).
  1341 | D:3      | Reached skill level 4 in Axes
  1341 | D:3      | Reached XP level 4. HP: 25/28 MP: 4/4
  1366 | D:3      | HP: 3/28 [orc priest/divine providence (12)]
  1368 | D:3      | Killed from afar by an orc priest

Levels and vault maps discovered:
D:1:      dpeg_arrival_simpleton_a, layout_rooms, kennysheep_boxes
D:2:      layout_loops_cross, ebering_ecumenical_altar_hall, serial_shops,
          nicolae_shop_stone, dreamdust_wishing_well, minmay_tetromino_l2
D:3:      layout_loops_ring, dk_noncrumbling_4, minmay_quantized, uniq_natasha

Skill      XL: |  1  2  3 |
---------------+----------+-----
Axes           | 2 3 4 |  4.2
Fighting       | |  3.2
Armour         | |  3.2
Shields        | |  3.2

Action                     |  1- 3 |  4- 6 || total
---------------------------+-------+-------++-------
  Melee: War axe           |    92 |     6 ||    98
  Throw: Boomerang         |    32 |       ||    32
    Use: Scroll            |     4 |       ||     4
 Armour: Scale mail        |    48 |     2 ||    50
  Dodge: Dodged            |    37 |     2 ||    39
  Block: Buckler           |    13 |     1 ||    14

Table legend:
 A = Non-vault XP
 B = Vault XP
 C = Vault XP percentage of total XP
 D = Non-vault monster count
 E = Vault monster count
 F = Vault count percentage of total count
                 A         B        C        D         E       F
            +---------+---------+-------+---------+---------+-------
      Total |     130 |       2 |   1.5 |      38 |       1 |   2.6
            +---------+---------+-------+---------+---------+-------
        D:1 |      44 |       0 |   0.0 |      28 |       0 |   0.0
        D:2 |      31 |       2 |   6.1 |       8 |       1 |  11.1
        D:3 |      55 |       0 |   0.0 |       2 |       0 |   0.0
            +---------+---------+-------+---------+---------+-------
